 Dungeon Crawl Stone Soup version 0.29.1-2-gbd0b4ee654 (webtiles) character file.

Game seed: 12031830810182448750

2116 GorkyZ the Cudgeller (level 9, -1/68 HPs)
             Began as a Demonspawn Berserker on Nov 14, 2022.
             Was a Priest of Trog.
             Slain by an orc warrior
             ... wielding a +0 dire flail
              (12 damage)
             ... on level 7 of the Dungeon.
             The game lasted 00:43:47 (7764 turns).

GorkyZ the Cudgeller (Demonspawn Berserker)         Turns: 7764, Time: 00:43:47

Health: -1/68      AC: 25    Str: 21    XL:     9   Next: 8%
Magic:  9/9        EV: 11    Int:  9    God:    Trog [***...]
Gold:   310        SH:  4    Dex: 13    Spells: 8/8 levels left

rFire   . . .      SeeInvis .   C - +4 mace (protect)
rCold   . . .      Faith    .   (no shield)
rNeg    . . .      Spirit   .   E - +0 scale mail
rPois   .          Reflect  .   o - +1 helmet
rElec   .          Harm     .   B - +0 cloak
rCorr   .          Rampage  .   (no gloves)
Will    .....                   j - +0 pair of boots
Stlth   ..........              (no amulet)
HPRegen 0.21/turn               (no ring)
MPRegen 0.11/turn               (no ring)

@: under a protective aura
A: claws 2, yellow scales 2, icemail 1, powered by death 1, condensation shield
a: Renounce Religion, Berserk, Trog's Hand


You were on level 7 of the Dungeon.
You worshipped Trog.
Trog was most pleased with you.
You visited 1 branch of the dungeon, and saw 7 of its levels.

You collected 310 gold pieces.

Inventory:

Hand Weapons
 a - a +0 hand axe
 g - a +4 dagger
 r - a +0 club
 z - a +3 quarterstaff of chaos
 A - the +6 hammer of Ashenzari's Fury {freeze, rElec rN+}
   (You found it on level 3 of the Dungeon)

   It freezes those it strikes, dealing additional cold damage.
   It can also slow down cold-blooded creatures.
   rElec:     It insulates you from electricity.
   rN:        It protects you from negative energy.
 C - a +4 mace of protection (weapon)
Missiles
 n - 2 throwing nets
Armour
 b - a +0 animal skin
 j - a +0 pair of boots (worn)
 l - a +0 pair of boots
 o - a +1 helmet (worn)
 q - a +0 ring mail
 B - a +0 cloak (worn)
 E - a +0 scale mail (worn)
Jewellery
 s - a ring of poison resistance
 v - a +6 ring of intelligence
 I - a +4 ring of protection
Wands
 w - a wand of flame (12)
 J - a wand of paralysis (12)
Scrolls
 d - 4 scrolls of noise {unknown}
 e - 3 scrolls of enchant armour {unknown}
 i - 5 scrolls of teleportation {unknown}
 p - 3 scrolls of identify {unknown}
 u - a scroll of vulnerability {unknown}
 y - a scroll of immolation {unknown}
 D - a scroll of silence {unknown}
 F - a scroll of brand weapon {unknown}
 G - a scroll of amnesia {unknown}
Potions
 c - 3 potions of curing
 f - 2 potions of lignification {unknown}
 h - a potion of mutation {unknown}
 k - a potion of haste {unknown}
 m - a potion of magic {unknown}
 t - 6 potions of degeneration {unknown}
 x - a potion of heal wounds {unknown}
 H - a potion of brilliance {unknown}
 K - 3 potions of might {unknown}


   Skills:
 + Level 5.2 Fighting
 - Level 2.5 Short Blades
 + Level 3.5(5.1) Axes
 + Level 5.8(6.3) Maces & Flails
 + Level 4.9 Armour
 + Level 4.1 Dodging
 - Level 0.5 Stealth
 + Level 2.0 Shields
 * Level 3.4 Evocations


You had 8 spell levels left.
You didn't know any spells.
Your spell library was empty.

Dungeon Overview and Level Annotations

Branches:
Dungeon (7/15)
 Temple: D:4-7

Altars:
Dithmenos

Shops:
D:5 :


Innate Abilities, Weirdness & Mutations

You have very sharp fingernails.
You are mostly covered in yellow scales. (AC +3)
A meltable icy envelope protects you from harm. (AC +4)
You regenerate a little health from kills.
A meltable shield of frost defends you. (SH +4)


Message History

You completely miss the orc warrior.
The orc warrior is moderately wounded.
The orc warrior misses you.
You hit the orc warrior.
The orc warrior is heavily wounded.
The orc warrior hits you but does no damage.
You closely miss the orc warrior.
The orc warrior is heavily wounded.
The orc warrior hits you with a +0 dire flail!
You are too injured to fight recklessly!
You are too injured to fight recklessly!
You are too injured to fight recklessly!
You are too injured to fight recklessly!
You are too injured to fight recklessly!
You are too injured to fight recklessly!
You are too injured to fight recklessly!
You are too injured to fight recklessly!
You are too injured to fight recklessly!
You sock the orc warrior!
The orc warrior is severely wounded.
The orc warrior hits you but does no damage.
You hit the orc warrior.
The orc warrior is severely wounded.
The orc warrior hits you with a +0 dire flail.
The orc warrior hits you but does no damage.
You hit the orc warrior.
The orc warrior is almost dead.
The orc warrior hits you with a +0 dire flail!
* * * LOW HITPOINT WARNING * * *
You closely miss the orc warrior.
The orc warrior is almost dead.
The orc warrior hits you with a +0 dire flail!
* * * LOW HITPOINT WARNING * * *
You closely miss the orc warrior.
The orc warrior is almost dead.
The orc warrior hits you but does no damage.
You closely miss the orc warrior.
The orc warrior is almost dead.
The orc warrior hits you with a +0 dire flail!
You die...

##.#.............##))...#
####.#.
##.#####.#.#..##.#...#......
#.#. ##.# ##...##.#.#.#....###.
#.#. ...# ##.####....##.#.#
##.#. #..##### #.# ##.#.##.#.#
#.#.... ........ ..# #.#.##.#.#
#.#.... ...... ..### #.#.##.#.#
#.#.### #...# #.# ###.#.##.#.#
#.#.# #..# #.#
#.)@.....#.###.#.### ...# #.#
#.#o#>##.#.......... #..#####.#
#.#.#..........#.### #......#.#
#.#.####..........#
#####..#.#####.#.# #.#######..#
##..#.........####.#######..#
#.#...........#..........).)).##
#.#..#..........####.#######....
#.#....########## #.# #...###


You could see an orc warrior.

Vanquished Creatures
  A wyvern (D:7)
  A steam dragon (D:6)
  An ogre (D:5)
  A black bear (D:7)
  A phantom (D:5)
  2 kobold brigands (D:7)
  Blork the orc (D:4)
  2 bullfrogs (D:7)
  3 scorpions
  4 wights (D:7)
  4 killer bees (D:7)
  4 hounds
  3 orc priests
  Crazy Yiuf (D:3)
  3 orc wizards
  2 iguanas (D:5)
  Ijyb (D:3)
  Robin (D:2)
  12 gnolls
  6 adders
  2 white imps
  An ufetubus (D:6)
  5 worms
  A dart slug (D:3)
  11 orcs
  7 endoplasms
  3 giant cockroaches
  11 goblins
  13 hobgoblins
  3 jackals (D:3)
  15 kobolds
  7 quokkas
  10 ball pythons
  8 bats
  2 frilled lizards
  2 rats (D:2)
155 creatures vanquished.

Vanquished Creatures (others)
  A plant (D:6)
1 creature vanquished.

Grand Total: 156 creatures vanquished

Notes
Turn   | Place    | Note
-------+----------+-------------------------------------------
     0 | D:1      | GorkyZ the Demonspawn Berserker began the quest for the
                  | Orb.
     0 | D:1      | Reached XP level 1. HP: 18/18 MP: 1/1
   431 | D:1      | Gained mutation: You are partially covered in yellow
                  | scales. (AC +2) [demonic ancestry]
   431 | D:1      | Reached XP level 2. HP: 17/24 MP: 2/2
  1027 | D:2      | Found a faded altar of an unknown god.
  1223 | D:2      | Noticed Robin
  1242 | D:2      | Gained mutation: You regenerate a little health from kills.
                  | [demonic ancestry]
  1242 | D:2      | Reached XP level 3. HP: 25/29 MP: 3/3
  1267 | D:2      | Killed Robin
  1309 | D:2      | Reached ** piety under Trog
  1609 | D:2      | Gained mutation: A meltable shield of frost defends you.
                  | (SH +4) [demonic ancestry]
  1609 | D:2      | Reached XP level 4. HP: 35/35 MP: 4/4
  1696 | D:1      | You fall into a shaft and drop 1 floor!
  1739 | D:2      | Reached skill level 1 in Short Blades
  2943 | D:3      | Gained mutation: You have sharp fingernails. [demonic
                  | ancestry]
  2943 | D:3      | Reached XP level 5. HP: 42/42 MP: 5/5
  3144 | D:3      | Noticed Ijyb
  3164 | D:3      | Killed Ijyb
  3445 | D:3      | Found a runed translucent door.
  3446 | D:3      | Noticed Crazy Yiuf
  3458 | D:3      | Killed Crazy Yiuf
  3468 | D:3      | Identified the +6 hammer of Ashenzari's Fury {freeze, rElec
                  | rN+}
  4067 | D:4      | Noticed Blork the orc
  4074 | D:4      | Killed Blork the orc
  4075 | D:4      | Reached XP level 6. HP: 27/48 MP: 6/6
  4602 | D:4      | Reached skill level 1 in Maces & Flails
  4769 | D:4      | Gained mutation: You are mostly covered in yellow scales.
                  | (AC +3) [demonic ancestry]
  4769 | D:4      | Reached XP level 7. HP: 21/55 MP: 7/7
  5415 | D:5      | Entered Level 5 of the Dungeon
  5484 | D:5      | Reached skill level 1 in Shields
  5821 | D:5      | Found Gapidwaa's Book Shoppe.
  6320 | D:5      | Reached skill level 1 in Evocations
  6499 | D:6      | Noticed a steam dragon
  6514 | D:6      | Killed a steam dragon
  6515 | D:6      | Gained mutation: A meltable icy envelope protects you from
                  | harm. (AC +4) [demonic ancestry]
  6515 | D:6      | Reached XP level 8. HP: 18/61 MP: 8/8
  6651 | D:6      | Reached *** piety under Trog
  6882 | D:6      | You fall into a shaft and drop 1 floor!
  6964 | D:7      | Found a shadowy altar of Dithmenos.
  7101 | D:7      | Reached skill level 5 in Maces & Flails
  7126 | D:7      | Reached skill level 5 in Fighting
  7726 | D:7      | Gained mutation: You have very sharp fingernails. [demonic
                  | ancestry]
  7726 | D:7      | Reached XP level 9. HP: 68/68 MP: 9/9
  7764 | D:7      | Slain by an orc warrior

Illustrated notes

Levels and vault maps discovered:
D:1:      dpeg_arrival_tiny_d, layout_rooms
D:2:      layout_loops_ring, ebering_ecumenical_altar_mist, uniq_robin
D:3:      layout_rooms, minmay_fountain_box, uniq_ijyb, uniq_crazy_yiuf_cottage
D:4:      layout_loops_corners, uniq_blork_the_orc
D:5:      layout_loops_ring, serial_shops, shop_statue
D:6:      layout_cave_pools, kennysheep_mini_moat,
          minmay_temple_entry_gardened_gates, item_on_display_a
D:7:      layout_loops_ring, nicolae_dithmenos_the_darkroom,
          nicolae_ossuary_entry_monument

Skill      XL: |  1  2  3  4  5  6  7  8 |
---------------+-------------------------+-----
Axes           | 3 |  3.5
Dodging        | 2 3 4 |  4.1
Short Blades   | 1 2 |  2.5
Armour         | 2 3 4 |  4.9
Fighting       | 4 5 |  5.2
Maces & Flails | 2 4 5 |  5.8
Shields        | 1 2 |  2.0
Evocations     | 1 3 |  3.4
Stealth        | |  0.5

Action                   |  1- 3 |  4- 6 |  7- 9 || total
-------------------------+-------+-------+-------++-------
Melee: Hand axe          |    31 |       |       ||    31
       Dagger            |    71 |   171 |       ||   242
       Punch             |     1 |     4 |     7 ||    12
       Mace              |       |    94 |   300 ||   394
Invok: Berserk           |     2 |     3 |       ||     5
       Trog's Hand       |       |     4 |       ||     4
 Stab: Sleeping          |     2 |       |       ||     2
       Distracted        |     1 |       |       ||     1
Armor: Animal skin       |    28 |     6 |       ||    34
       Ring mail         |       |   129 |       ||   129
       Scale mail        |       |       |   177 ||   177
Dodge: Dodged            |    54 |   150 |   194 ||   398
Block: Other             |       |    38 |    49 ||    87
